 Dungeon Crawl Stone Soup version 0.26-a0-610-g3e9335bbc7 (webtiles) character file.

Game seed: 6074237543437083997

2515 MrRokkomies the Tainter (level 9, -4/51 HPs)
             Began as an Octopode Venom Mage on Sept 3, 2020.
             Slain by a centaur (12 damage)
             ... on level 8 of the Dungeon.
             The game lasted 00:15:42 (9294 turns).

MrRokkomies the Tainter (Octopode Venom Mage)       Turns: 9294, Time: 00:15:43

Health: -4/51      AC:  1    Str:  8    XL:     9   Next: 54%
Magic:  12/12      EV: 17    Int: 20    God:
Gold:   277        SH:  0    Dex: 12    Spells: 2/12 levels left

rFire    . . .     SeeInvis .   a - +1 rapier (venom)
rCold    . . .     Faith    .   (no shield)
rNeg     . . .     Spirit   .   (helmet restricted)
rPois    .         Reflect  .   n - amulet of regeneration
rElec    .         Harm     .   (no ring)
rCorr    .                      (no ring)
MR       .....                  (no ring)
Stlth    +++++.....             (no ring)
HPRegen  0.57/turn              (no ring)
MPRegen  0.13/turn              (no ring)
                                (no ring)
                                (no ring)

@: about to teleport
A: almost no armour, stealthy swim, amphibious, 8 rings, constrict 8, camouflage
1, gelatinous body 1
a: no special abilities


You were on level 8 of the Dungeon.
You visited 2 branches of the dungeon, and saw 9 of its levels.

You collected 277 gold pieces.

Inventory:

Hand Weapons
 a - a +1 rapier of venom (weapon)
Missiles
 h - 7 curare-tipped darts
 k - 3 throwing nets
 v - 5 javelins (quivered)
Magical Staves
 s - an uncursed staff of air
Jewellery
 n - an amulet of regeneration (around mantle)
 o - an uncursed ring of ice
Wands
 r - a wand of polymorph (10)
 z - a wand of disintegration (9)
Scrolls
 c - 4 scrolls of remove curse
 i - a scroll of immolation
 j - 3 scrolls of amnesia
 p - 2 scrolls of enchant weapon
 t - 4 scrolls of teleportation
 u - a scroll of magic mapping
 w - a scroll of fear
 x - a scroll of identify
 y - a scroll of fog
Potions
 b - 6 potions of curing
 d - 7 potions of lignification
 e - a potion of heal wounds
 f - 2 potions of invisibility
 g - a potion of flight {unknown}
 l - a potion of mutation
 m - a potion of stabbing
 q - a potion of brilliance
 A - a potion of might {unknown}


   Skills:
 * Level 7.7 Dodging
 + Level 8.1 Stealth
 + Level 2.4 Spellcasting
 - Level 4.0 Transmutations
 * Level 9.7 Poison Magic


You had 2 spell levels left.
You knew the following spells:

 Your Spells              Type           Power        Failure   Level
a - Sting                 Tmut/Pois      ####         1%          1
b - Poisonous Vapours     Pois/Air       ###...       3%          2
c - Mephitic Cloud        Conj/Pois/Air  ###.....     12%         3
d - Olgreb's Toxic Radia  Pois           #####...     2%          4

Your spell library contained the following spells:

 Spells                   Type           Power        Failure   Level
 Corona                   Hex            #......      16%         1
 Ensorcelled Hibernation  Hex/Ice        #.....       22%         2
 Ignite Poison            Fire/Tmut/Pois ###.....     7%          3
 Confusing Touch          Hex            #.......     41%         3
 Dazzling Flash           Conj/Hex       #.....       41%         3
 Tukima's Dance           Hex            #.......     41%         3


Dungeon Overview and Level Annotations

Branches:
Dungeon (8/15)             Temple (1/1) D:4            Lair (0/6) D:8

Altars:
Ashenzari
Cheibriados
Fedhas
Hepliaklqana
Kikubaaqudgha
Makhleb
Nemelex Xobeh
Okawaru
Qazlal
Ru
Sif Muna
Trog
Uskayaw
Wu Jian
Xom
Zin
The Shining One
Lugonu

Annotations:
D:3 1 runed translucent door, feta's ghost, amateur FoEE
D:8 3 runed translucent doors


Innate Abilities, Weirdness & Mutations

You cannot wear most types of armour.
You are very stealthy in the water. (Stealth+)
You are amphibious.
You can wear up to eight rings at the same time.
You can use your tentacles to constrict eight enemies at once.
Your skin changes colour to match your surroundings (Stealth+).
Your rubbery body absorbs attacks. (AC +1, EV +1)


Message History

The centaur misses you. The centaur hits you!
You hit the centaur.
The centaur is poisoned.
The centaur is lightly wounded.
The centaur hits you! The centaur misses you. The centaur closely misses you.
You are too injured to fight recklessly!
You are too injured to fight recklessly!
You are too injured to fight recklessly!
Casting: Olgreb's Toxic Radiance (dangerous; 2% risk of failure)
Confirm with . or Enter, or press ? or * to list all spells.
Okay, then.
Unknown command.
As you read the scroll of teleportation, it crumbles to dust.
You feel strangely unstable. The centaur closely misses you.
The centaur misses you.
You hit the centaur.
The centaur looks as sick as possible!
The centaur is lightly wounded.
The centaur hits you! x2
* * * LOW HITPOINT WARNING * * *
The centaur hits you!
You die...

######### ### ........#
#.. ......c.##### #.####
...(...@.(..######.##.##
...........('†..........
.......?....####.#.##.##
....)...)...# #.#.#....
.......)########.#....#.
........##.......####.##
.........'.......+......
#######..#.......####.##
V..................)


You could see a centaur (berserk, extremely poisoned).

Vanquished Creatures
  A vampire (D:8)
  Eustachio (D:4)
  A water moccasin (D:8)
  An ice beast (D:6)
  A phantom (D:7)
  An orc warrior (D:6)
  A black bear (D:5)
  4 ogres
  A centaur (D:7)
  A big kobold (D:8)
  2 bullfrogs (D:6)
  5 scorpions
  A centaur zombie (D:7)
  A bullfrog zombie (D:6)
  2 hounds
  A quasit (D:7)
  4 orc priests
  A jelly (D:5)
  6 orc wizards
  A bullfrog skeleton (D:7)
  4 worker ants
  A hound zombie (D:5)
  A worker ant zombie (D:7)
  5 gnolls
  8 adders
  2 white imps (D:6)
  2 ufetubi
  An ooze (D:5)
  An adder zombie (D:6)
  An adder skeleton (D:5)
  A worm (D:3)
  A dart slug (D:2)
  5 leopard geckos
  19 orcs
  4 ball pythons
  9 bats
  A giant cockroach (D:1)
  10 goblins
  8 hobgoblins
  12 jackals
  3 quokkas
  2 frilled lizards (D:1)
  A jackal skeleton (D:5)
  2 jackal zombies
  20 kobolds
  A quokka skeleton (D:5)
  8 rats
170 creatures vanquished.

Vanquished Creatures (others)
  A plant (D:5)
1 creature vanquished.

Grand Total: 171 creatures vanquished

Notes
Turn   | Place    | Note
-------+----------+-------------------------------------------
     0 | D:1      | MrRokkomies the Octopode Venom Mage began the quest for the
                  | Orb.
     0 | D:1      | Reached XP level 1. HP: 11/11 MP: 3/3
   191 | D:1      | Reached XP level 2. HP: 17/17 MP: 5/5
   622 | D:1      | Reached skill level 4 in Poison Magic
  1002 | D:1      | Reached XP level 3. HP: 9/21 MP: 4/6
  1336 | D:1      | Learned a level 2 spell: Poisonous Vapours
  1340 | D:1      | Learned a level 3 spell: Mephitic Cloud
  1638 | D:2      | Reached XP level 4. HP: 8/27 MP: 1/7
  2100 | D:2      | Found a burning altar of Makhleb.
  3173 | D:4      | Noticed Eustachio
  3190 | D:4      | Killed Eustachio
  3190 | D:4      | Reached skill level 5 in Poison Magic
  3190 | D:4      | Reached XP level 5. HP: 28/31 MP: 0/8
  3190 | D:4      | Reached XP level 6. HP: 32/36 MP: 0/9
  3282 | D:4      | Found a staircase to the Ecumenical Temple.
  3289 | Temple   | Entered the Ecumenical Temple
  3737 | D:3      | Found a hazy altar of Hepliaklqana.
  3738 | D:3      | Found a sparkling altar of Nemelex Xobeh.
  4003 | D:3      | Found a runed translucent door.
  4003 | D:3      | Noticed feta's ghost (amateur FoEE)
  4205 | D:3      | Found a shimmering altar of Xom.
  4206 | D:3      | Found a sacrificial altar of Ru.
  4208 | D:3      | Found an ancient bone altar of Kikubaaqudgha.
  4507 | D:5      | Entered Level 5 of the Dungeon
  4600 | D:5      | Reached skill level 6 in Poison Magic
  4600 | D:5      | Reached XP level 7. HP: 41/41 MP: 4/10
  4618 | D:5      | Found a blossoming altar of Fedhas.
  4619 | D:5      | Found a hide-covered altar of Uskayaw.
  4620 | D:5      | Found an iron altar of Okawaru.
  4651 | D:5      | Reached skill level 5 in Stealth
  5515 | D:5      | Reached skill level 5 in Dodging
  5518 | D:5      | Found a sparkling altar of Nemelex Xobeh.
  5941 | D:6      | Reached skill level 7 in Poison Magic
  5941 | D:6      | Reached XP level 8. HP: 23/46 MP: 11/11
  6217 | D:6      | Found a sacrificial altar of Ru.
  6989 | D:6      | Reached skill level 8 in Poison Magic
  7979 | D:7      | Reached XP level 9. HP: 41/51 MP: 12/12
  8123 | D:7      | Reached skill level 9 in Poison Magic
  8573 | D:7      | Learned a level 4 spell: Olgreb's Toxic Radiance
  9129 | D:8      | Found a staircase to the Lair.
  9157 | D:8      | Found a runed translucent gate.
  9157 | D:8      | Found a runed translucent gate.
  9163 | D:8      | Found a runed translucent gate.
  9163 | D:8      | Noticed a purple ugly thing
  9164 | D:8      | Noticed a red ugly thing
  9164 | D:8      | Noticed a purple ugly thing
  9165 | D:8      | Noticed a green ugly thing
  9165 | D:8      | Noticed a glowing orange brain
  9165 | D:8      | Noticed a white ugly thing
  9165 | D:8      | Noticed a purple ugly thing
  9294 | D:8      | Slain by a centaur

Illustrated notes

Levels and vault maps discovered:
D:1:      elethiomel_arrival_shortcut, layout_loops_cross
D:2:      layout_basic, lightli_temple_of_fire, minmay_distorted
D:3:      layout_loops_ring, nicolae_overflow_hidden_temple,
          gammafunk_ghost_grave
D:4:      wander_river, layout_gridville, temple_green, uniq_eustachio
D:5:      layout_loops_ring, gammafunk_temple_overflow_forgotten,
          roderic_st_hans_cross, nemelex_dance_club_becter
D:6:      layout_loops_corners, minmay_ruined_shrine
D:7:      layout_basic
D:8:      layout_basic, grunt_dithmenos_shadows, lair_entry_dummy,
          ploomutoo_gammafunk_ghost_potion_laboratory
Temple:   corrupted_temple

Skill      XL: |  1  2  3  4  5  6  7  8  9 |
---------------+----------------------------+-----
Stealth        | 3 4 5 7 8 |  8.1
Poison Magic   | 4 5 6 7 8 9 |  9.7
Dodging        | 3 4 5 6 7 |  7.7
Transmutations | 2 3 4 |  4.0
Spellcasting   | |  2.4

Action                   |  1- 3 |  4- 6 |  7- 9 || total
-------------------------+-------+-------+-------++-------
Melee: Dagger            |    46 |    40 |       ||    86
       Constrict         |    10 |    16 |    48 ||    74
       Mace              |     5 |       |       ||     5
       Tentacles         |     3 |    12 |    38 ||    53
       Rapier            |       |    37 |   254 ||   291
Throw: Dart              |       |     3 |       ||     3
       Throwing net      |       |     1 |       ||     1
       Javelin           |       |       |     5 ||     5
 Cast: Sting             |    19 |    14 |    12 ||    45
       Poisonous Vapours |       |    10 |    16 ||    26
       Mephitic Cloud    |       |     1 |     2 ||     3
       Olgreb's Toxic Ra |       |       |     3 ||     3
Evoke: Wand              |       |       |     4 ||     4
  Use: Scroll            |     4 |     2 |    15 ||    21
       Potion            |     1 |       |     6 ||     7
 Stab: Sleeping          |    14 |    12 |    12 ||    38
       Confused          |       |       |     1 ||     1
Armor: Skin              |    11 |     2 |    56 ||    69
Dodge: Dodged            |    39 |    49 |   224 ||   312

Table legend: (Time is in decaauts)
 A = Elapsed time spent in this place.
 B = Non-inter-level travel time spent in this place.
 C = Inter-level travel time spent in this place.
 D = Time resting spent in this place.
 E = Time spent auto-exploring this place.
 F = Levels seen in this place.
 G = Mean time per level.
                   A        B        C        D        E       F      G
               +--------+--------+--------+--------+--------+-----+--------+
         Total |   9366 |   9019 |    347 |    331 |   7383 |   9 | 1040.7 |
       Dungeon |   9318 |   8984 |    334 |    331 |   7353 |   8 | 1164.8 |
        Temple |     47 |     34 |     13 |      0 |     30 |   1 |   47.0 |
               +--------+--------+--------+--------+--------+-----+--------+

Top non-repeatable levels by time:
     D:6: 1982 daAuts
     D:1: 1380 daAuts
     D:5: 1343 daAuts
     D:7: 1293 daAuts
     D:2: 1161 daAuts
     D:3: 1093 daAuts
     D:4: 831 daAuts
     D:8: 231 daAuts
  Temple: 47 daAuts
